 Dungeon Crawl Stone Soup version 0.30-a0-605-gb2882149bf (webtiles) character file.

Game seed: 12425294832666781477

6360 karrick the Nimble (level 10, -5/79 HPs)
             Began as a Gnoll Gladiator on Jan 7, 2023.
             Was a Priest of Okawaru.
             Slain by a two-headed ogre
             ... wielding a +0 giant club
              (15 damage)
             ... on level 8 of the Dungeon.
             The game lasted 00:19:23 (8296 turns).

karrick the Nimble (Gnoll Gladiator)                Turns: 8296, Time: 00:19:24

Health: -5/79      AC: 19    Str: 16    XL:     10   Next: 96%
Magic:  0/19       EV: 16    Int:  7    God:    Okawaru [***...]
Gold:   425        SH:  0    Dex: 16    Spells: 21/21 levels left

rFire   . . .      SeeInvis +    k - +2 short sword (venom)
rCold   . . .      Faith    .    (no shield)
rNeg    . . .      Spirit   +    y - +1 scale mail {rPois}
rPois   +          Reflect  .    c - +0 helmet
rElec   .          Harm     .    v - +0 cloak
rCorr   .          Rampage  .    (no gloves)
Will    .....                    B - +1 pair of boots {Stlth+}
Stlth   ++++                     G - amulet of guardian spirit
HPRegen 0.33/turn                H - +4 ring of protection
MPRegen 0.16/turn                z - ring of see invisible

@: heroic
A: fangs 1, strong nose, distributed training
a: Renounce Religion, Heroism


You were on level 8 of the Dungeon.
You worshipped Okawaru.
Okawaru was most pleased with you.
You visited 2 branches of the dungeon, and saw 10 of its levels.

You collected 425 gold pieces.

Inventory:

Hand Weapons
 a - a +0 war axe
 k - a +2 short sword of venom (weapon)
 n - a +1 whip of electrocution
 u - a +2 quarterstaff of chaos
 J - a +1 whip of draining
 T - a +1 flail of protection
Missiles
 d - 4 throwing nets (quivered)
 e - 5 javelins
 C - 8 boomerangs
Armour
 b - a +0 leather armour
 c - a +0 helmet (worn)
 o - a +0 scale mail of fire resistance
 v - a +0 cloak (worn)
 y - a +1 scale mail of poison resistance (worn)
 B - a +1 pair of boots of stealth (worn)
 P - +0 acid dragon scales
Jewellery
 j - a ring of ice
 z - a ring of see invisible (right hand)
 G - an amulet of guardian spirit (around neck)
 H - a +4 ring of protection (left hand)
 R - a ring of positive energy
Wands
 D - a wand of charming (14)
 I - a wand of flame (18)
 L - a wand of mindburst (22)
Scrolls
 m - 11 scrolls of identify {unknown}
 p - 2 scrolls of amnesia {unknown}
 q - 2 scrolls of enchant weapon {unknown}
 s - a scroll of vulnerability {unknown}
 w - a scroll of summoning {unknown}
 x - 3 scrolls of teleportation {unknown}
 E - a scroll of magic mapping {unknown}
 F - a scroll of noise {unknown}
 K - 4 scrolls of fear
 N - 2 scrolls of enchant armour {unknown}
 O - a scroll of poison {unknown}
 U - a scroll of immolation {unknown}
Potions
 f - 3 potions of brilliance
 g - 5 potions of flight
 h - a potion of might {unknown}
 i - a potion of magic {unknown}
 r - 3 potions of berserk rage {unknown}
 t - a potion of invisibility {unknown}
 A - a potion of cancellation {unknown}
 M - a potion of attraction {unknown}
 Q - 2 potions of curing {unknown}
 S - a potion of mutation {unknown}
Miscellaneous
 V - a phial of floods


   Skills:
 + Level 7.6(12.6) Fighting
 + Level 6.0(11.0) Short Blades
 + Level 6.0(11.0) Long Blades
 + Level 9.0(14.0) Axes
 + Level 6.0(11.0) Maces & Flails
 + Level 6.0(11.0) Polearms
 + Level 6.0(11.0) Staves
 + Level 6.0(11.0) Ranged Weapons
 + Level 7.6(12.6) Throwing
 + Level 6.0(11.0) Armour
 + Level 9.0(14.0) Dodging
 + Level 6.0(11.0) Stealth
 + Level 6.0(11.0) Shields
 + Level 6.0(11.0) Unarmed Combat
 + Level 6.0 Spellcasting
 + Level 4.9 Conjurations
 + Level 4.9 Hexes
 + Level 4.9 Summonings
 + Level 4.9 Necromancy
 + Level 4.9 Translocations
 + Level 4.9 Transmutations
 + Level 4.9 Fire Magic
 + Level 4.9 Ice Magic
 + Level 4.9 Air Magic
 + Level 4.9 Earth Magic
 + Level 4.9 Poison Magic
 + Level 6.5 Invocations
 + Level 6.0 Evocations


You had 21 spell levels left.
You didn't know any spells.
Your spell library contained the following spells:

 Spells                   Type           Power      Damage    Failure   Level
 Magic Dart               Conj           36%        1d4       10%         1
 Searing Ray              Conj           18%        2d5       14%         2
 Fulminant Prism          Conj/Hex       4%         3d5       67%         4
 Alistair's Intoxication  Tmut/Pois      6%         N/A       95%         5
 Borgnjor's Vile Clutch   Necr/Erth      4%         N/A       95%         5
 Eringya's Noxious Bog    Tmut/Pois      4%         N/A       100%        6


Dungeon Overview and Level Annotations

Branches:
Dungeon (9/15)             Temple (1/1) D:6             Orc (0/2) D:9
   Lair: D:8-11

Altars:
Ashenzari
Cheibriados
Dithmenos
Fedhas
Gozag
Hepliaklqana
Kikubaaqudgha
Makhleb
Nemelex Xobeh
Okawaru
Qazlal
Ru
Sif Muna
Uskayaw
Vehumet
Wu Jian
Yredelemnul
Zin
The Shining One

Shops:
D:4 =


Innate Abilities, Weirdness & Mutations

You have very sharp teeth.
Your uncanny sense of smell can sniff out nearby items.
Your experience applies equally to all skills.


Message History

The two-headed ogre is lightly wounded.
The two-headed ogre barely misses you.
The two-headed ogre hits you but does no damage.
You hit the two-headed ogre.
The two-headed ogre is lightly wounded.
You hit the two-headed ogre but do no damage.
The two-headed ogre looks as sick as possible!
The two-headed ogre is lightly wounded.
You hit the two-headed ogre but do no damage.
The two-headed ogre is lightly wounded.
The two-headed ogre hits you with a +0 giant club!
The two-headed ogre hits you with a +0 giant spiked club!
You hit the two-headed ogre.
The two-headed ogre looks as sick as possible!
You bite the two-headed ogre, but do no damage.
The two-headed ogre is moderately wounded.
You hit the two-headed ogre but do no damage.
The two-headed ogre looks as sick as possible!
You bite the two-headed ogre, but do no damage.
The two-headed ogre is moderately wounded.
The two-headed ogre barely misses you.
The two-headed ogre hits you with a +0 giant spiked club!!
You are too injured to fight recklessly!
You are too injured to fight recklessly!
You barely miss the two-headed ogre.
The two-headed ogre is moderately wounded.
You hit the two-headed ogre.
The two-headed ogre looks as sick as possible!
The two-headed ogre is moderately wounded.
The two-headed ogre hits you with a +0 giant club!!
* * * LOW HITPOINT WARNING * * *
The two-headed ogre hits you with a +0 giant spiked club.
* * * LOW HITPOINT WARNING * * *
You gain the combat prowess of a mighty hero.
You hit the two-headed ogre.
The two-headed ogre looks as sick as possible!
You punch the two-headed ogre!
The two-headed ogre is severely wounded.
The two-headed ogre hits you with a +0 giant club!
You die...

#.#.##.###.#..#.
#.#.##.# #.#..#.
#.#.#..# #.#..#. ##
##.#...## #.#.<#.
∆..# #....### #.#.##.
..∆
##..#.######.#..^.
#.##...#......#.#####
∆ ∆
#....#.#.#...........
####@#...#.##.#......
∆ #O###.#.#...).....
#.# #.#.#..#######
#.# #.#.#..#######
#.) ..#.#..#......
### ###.#..#.#####
#.#..#......
#.##########
#...).......


You could see a two-headed ogre (extremely poisoned).

Vanquished Creatures
  2 two-headed ogres (D:9)
  Pikel (D:6)
  2 unseen horror zombies (D:9)
  A troll (D:9)
  3 yaks (D:9)
  A warg (D:9)
  An acid dragon (D:7)
  3 water moccasins
  9 ice beasts
  3 sky beasts
  An ogre (D:4)
  2 centaurs
  2 lemures (D:6)
  A kobold brigand (D:3)
  5 bullfrogs
  A wyvern zombie (D:9)
  3 necrophages
  A scorpion (D:5)
  2 jellies
  A howler monkey (D:6)
  3 centaur zombies (D:9)
  3 hounds
  A human zombie (D:9)
  2 gnoll boudas
  Crazy Yiuf (D:2)
  2 iguanas
  Ijyb (D:5)
  5 orc wizards
  Terence (D:2)
  A killer bee zombie (D:9)
  3 mummies (D:9)
  11 gnolls
  5 adders
  2 shadow imps
  5 white imps (D:6)
  An ufetubus (D:5)
  2 worms
  3 dart slugs
  17 orcs
  3 ball pythons
  2 bats (D:1)
  5 endoplasms
  5 giant cockroaches
  6 goblins
  10 hobgoblins
  2 quokkas (D:3)
  2 frilled lizards
  9 kobolds
  3 rats
161 creatures vanquished.

Notes
Turn   | Place    | Note
-------+----------+-------------------------------------------
     0 | D:1      | karrick the Gnoll Gladiator began the quest for the Orb.
     0 | D:1      | Reached XP level 1. HP: 20/20 MP: 1/1
   176 | D:1      | Reached XP level 2. HP: 26/26 MP: 2/2
   664 | D:1      | You fall into a shaft and drop 1 floor!
   712 | D:2      | Noticed Terence
   716 | D:2      | Killed Terence
   717 | D:2      | Reached skill level 1 in Invocations
   717 | D:2      | Reached XP level 3. HP: 21/31 MP: 2/4
  1129 | D:2      | Reached skill level 1 in Short Blades
  1129 | D:2      | Reached skill level 1 in Long Blades
  1129 | D:2      | Reached skill level 1 in Maces & Flails
  1129 | D:2      | Reached skill level 1 in Polearms
  1129 | D:2      | Reached skill level 1 in Staves
  1129 | D:2      | Reached skill level 1 in Ranged Weapons
  1129 | D:2      | Reached skill level 1 in Armour
  1129 | D:2      | Reached skill level 1 in Stealth
  1129 | D:2      | Reached skill level 1 in Shields
  1129 | D:2      | Reached skill level 1 in Unarmed Combat
  1129 | D:2      | Reached skill level 1 in Spellcasting
  1129 | D:2      | Reached skill level 1 in Evocations
  1148 | D:2      | Found a runed translucent door.
  1149 | D:2      | Noticed Crazy Yiuf
  1157 | D:2      | Killed Crazy Yiuf
  1158 | D:2      | Reached XP level 4. HP: 30/38 MP: 5/5
  1402 | D:2      | Found a faded altar of an unknown god.
  1548 | D:2      | Reached skill level 1 in Conjurations
  1548 | D:2      | Reached skill level 1 in Hexes
  1548 | D:2      | Reached skill level 1 in Summonings
  1548 | D:2      | Reached skill level 1 in Necromancy
  1548 | D:2      | Reached skill level 1 in Translocations
  1548 | D:2      | Reached skill level 1 in Transmutations
  1548 | D:2      | Reached skill level 1 in Fire Magic
  1548 | D:2      | Reached skill level 1 in Ice Magic
  1548 | D:2      | Reached skill level 1 in Air Magic
  1548 | D:2      | Reached skill level 1 in Earth Magic
  1548 | D:2      | Reached skill level 1 in Poison Magic
  2480 | D:3      | Noticed a kobold brigand
  2493 | D:3      | Killed a kobold brigand
  2494 | D:3      | Reached XP level 5. HP: 33/43 MP: 7/7
  2650 | D:4      | Noticed an ogre
  2764 | D:4      | Found Kujuucw's Jewellery Shop.
  2988 | D:4      | Killed an ogre
  2989 | D:4      | Reached skill level 5 in Fighting
  2989 | D:4      | Reached skill level 5 in Throwing
  2989 | D:4      | Reached XP level 6. HP: 50/51 MP: 7/9
  3399 | D:5      | Entered Level 5 of the Dungeon
  3449 | D:5      | Noticed an ice beast
  3455 | D:5      | Reached XP level 7. HP: 49/56 MP: 8/10
  3757 | D:5      | Found a sparkling altar of Nemelex Xobeh.
  3759 | D:5      | Found a broken altar of Ashenzari.
  3894 | D:5      | Noticed Ijyb
  3911 | D:5      | Killed Ijyb
  4058 | D:6      | Reached XP level 8. HP: 63/63 MP: 12/12
  4300 | D:6      | Found a staircase to the Ecumenical Temple.
  4309 | Temple   | Entered the Ecumenical Temple
  5350 | D:7      | Reached XP level 9. HP: 68/69 MP: 14/14
  5423 | D:7      | Found an iron altar of Okawaru.
  5458 | D:7      | Became a worshipper of Warmaster Okawaru
  5487 | D:7      | Noticed Pikel
  5667 | D:6      | Killed Pikel
  5835 | D:7      | Reached skill level 5 in Invocations
  5992 | D:7      | Found a hazy altar of Hepliaklqana.
  6092 | D:7      | Found a glowing silver altar of Zin.
  6436 | D:8      | Noticed a two-headed ogre
  6465 | D:9      | Reached * piety under Okawaru
  6494 | D:9      | Found a staircase to the Orcish Mines.
  6567 | D:9      | Found a snail-covered altar of Cheibriados.
  6872 | D:9      | Reached skill level 5 in Short Blades
  6872 | D:9      | Reached skill level 5 in Long Blades
  6872 | D:9      | Reached skill level 5 in Maces & Flails
  6872 | D:9      | Reached skill level 5 in Polearms
  6872 | D:9      | Reached skill level 5 in Staves
  6872 | D:9      | Reached skill level 5 in Ranged Weapons
  6872 | D:9      | Reached skill level 5 in Armour
  6872 | D:9      | Reached skill level 5 in Stealth
  6872 | D:9      | Reached skill level 5 in Shields
  6872 | D:9      | Reached skill level 5 in Unarmed Combat
  6872 | D:9      | Reached skill level 5 in Spellcasting
  6872 | D:9      | Reached skill level 5 in Evocations
  6872 | D:9      | Reached XP level 10. HP: 65/77 MP: 13/17
  7042 | D:9      | Found a basalt altar of Yredelemnul.
  7062 | D:9      | Reached ** piety under Okawaru
  7239 | D:9      | Noticed a two-headed ogre
  7277 | D:9      | Killed a two-headed ogre
  7514 | D:9      | Found a sacrificial altar of Ru.
  7778 | D:9      | Noticed a two-headed ogre
  7790 | D:9      | Killed a two-headed ogre
  7790 | D:9      | Reached *** piety under Okawaru
  8296 | D:8      | Slain by a two-headed ogre

Illustrated notes

Levels and vault maps discovered:
D:1:      nicolae_arrival_washed_ashore, layout_basic, minmay_misc_feat_plants
D:2:      layout_loops_corners, ebering_ecumenical_altar_mist,
          uniq_crazy_yiuf_cottage, uniq_terence
D:3:      cheibrodos_thug_alley, layout_basic, ebering_dispersal_statue_hall,
          st_stairs_8, serial_park_tiny_pond
D:4:      layout_basic, serial_shops, kennysheep_mini_moat, grunt_ministairs_13
D:5:      layout_gridville, mainiacjoe_overflow_big_doors,
          corexii_item_surrounded_by_moat, uniq_ijyb
D:6:      layout_basic, minmay_temple_entry_ruins
D:7:      layout_rooms, okawaru_altar_gauntlet_db,
          nicolae_overflow_crystal_walls, zin_statuary, serial_glass,
          glass_columns_b, glass_columns_a, glass_columns_a, glass_columns_b,
          glass_columns_c, glass_columns_a, glass_columns_b, glass_columns_b,
          uniq_pikel
D:8:      layout_basic, tgw_xom, hangedman_misty_isle, uniq_maurice
D:9:      minmay_twisted_water, layout_basic, lemuel_tele_altar,
          lemuel_mausoleum_altar_yredelemnul, nicolae_ru_path_of_blood,
          david_orc_3, laboratory
Temple:   chequers_temple_sunken

Skill      XL: |  1  2  3  4  5  6  7  8  9 10 |
---------------+-------------------------------+-----
Invocations    | 1 2 3 4 5 6 |  6.5
Short Blades   | 1 2 3 5 6 |  6.0
Long Blades    | 1 2 3 5 6 |  6.0
Maces & Flails | 1 2 3 5 6 |  6.0
Polearms       | 1 2 3 5 6 |  6.0
Staves         | 1 2 3 5 6 |  6.0
Ranged Weapons | 1 2 3 5 6 |  6.0
Armour         | 1 2 3 5 6 |  6.0
Stealth        | 1 2 3 5 6 |  6.0
Shields        | 1 2 3 5 6 |  6.0
Unarmed Combat | 1 2 3 5 6 |  6.0
Spellcasting   | 1 2 3 5 6 |  6.0
Evocations     | 1 2 3 5 6 |  6.0
Conjurations   | 1 2 3 4 |  4.9
Hexes          | 1 2 3 4 |  4.9
Summonings     | 1 2 3 4 |  4.9
Necromancy     | 1 2 3 4 |  4.9
Translocations | 1 2 3 4 |  4.9
Transmutations | 1 2 3 4 |  4.9
Fire Magic     | 1 2 3 4 |  4.9
Ice Magic      | 1 2 3 4 |  4.9
Air Magic      | 1 2 3 4 |  4.9
Earth Magic    | 1 2 3 4 |  4.9
Poison Magic   | 1 2 3 4 |  4.9
Fighting       | 5 6 7 |  7.6
Throwing       | 5 6 7 |  7.6
Axes           | 7 8 9 |  9.0
Dodging        | 7 8 9 |  9.0

Action                   |  1- 3 |  4- 6 |  7- 9 | 10-12 || total
-------------------------+-------+-------+-------+-------++-------
Melee: War axe           |    11 |       |       |       ||    11
       Short sword       |    37 |   137 |   373 |   171 ||   718
       Bite              |     4 |    21 |    53 |    35 ||   113
       Punch             |       |     4 |    20 |     7 ||    31
       Whip              |       |       |   134 |    89 ||   223
Invok: Heroism           |       |       |       |     2 ||     2
  Use: Potion            |     1 |       |     4 |     3 ||     8
       Scroll            |       |       |       |     1 ||     1
 Stab: Sleeping          |       |     1 |     6 |     8 ||    15
Armor: Leather armour    |    10 |       |       |       ||    10
       Scale mail        |       |    44 |   241 |    79 ||   364
       Skin              |       |       |    38 |       ||    38
Dodge: Dodged            |    24 |    77 |   297 |   132 ||   530

Table legend: (Time is in decaauts)
 A = Elapsed time spent in this place.
 B = Non-inter-level travel time spent in this place.
 C = Inter-level travel time spent in this place.
 D = Time resting spent in this place.
 E = Time spent auto-exploring this place.
 F = Levels seen in this place.
 G = Mean time per level.
                   A        B        C        D        E       F      G
               +--------+--------+--------+--------+--------+-----+--------+
         Total |   8192 |   7858 |    334 |    557 |   5605 |  10 |  819.2 |
       Dungeon |   7930 |   7609 |    321 |    557 |   5383 |   9 |  881.1 |
        Temple |    261 |    248 |     13 |      0 |    222 |   1 |  261.0 |
               +--------+--------+--------+--------+--------+-----+--------+

Top non-repeatable levels by time:
     D:9: 1767 daAuts
     D:6: 1058 daAuts
     D:1: 996 daAuts
     D:2: 947 daAuts
     D:7: 788 daAuts
     D:3: 754 daAuts
     D:4: 751 daAuts
     D:5: 589 daAuts
     D:8: 277 daAuts
  Temple: 261 daAuts
